[Event "Early-Titled-Tuesday-Blitz-April-16-2024"]
[Site "Chess.com"]
[Date "2024.04.16"]
[Round "2"]
[White "GameOverBro"]
[Black "GoltsevDmitry2000"]
[Result "0-1"]
[WhiteElo "2550"]
[BlackElo "2787"]
[TimeControl "180+1"]
[EndTime "8:18:12 PDT"]
[Termination "GoltsevDmitry2000 won by resignation"]

1. e4 e6 2. d4 d5 3. Nd2 c5 4. exd5 exd5 5. Ngf3 Nf6 6. Bb5+ Nc6 7.
O-O Be7 8. dxc5 Bxc5 9. Re1+ Be6 10. Nb3 Bb6 11. Nbd4 O-O 12. Nxe6 fxe6 13. Rxe6 Ne4 14. Be3 Bxe3 15. fxe3 Qb6 16. Nd4 Rae8 17. Bxc6 Rxe6 18. Bxd5 Re8 19. Qg4 Nc5 20. Nxe6 Nxe6 21. Qd4 Kh8 22. Qxb6 axb6 23. Bxe6 Rxe6 24. Rd1 h6 25. Kf2 Re7 26.
Rd6 b5 27. Rb6 Rd7 28. Ke2 Rd5 29. Rxb7 Kh7 30. Rc7 Rg5 31. g3 Kg6 32. c4 bxc4 33. Rxc4 Ra5 34. a4 Kh5 35. Rb4 Ra7 36. Rb5+ Kg4 37.
Rb4+ Kh3 38. Rh4+ Kg2 39. b3 Ra8 40. Kd3 Kf3 41. e4 Rb8 42. Kc3 Rb6 43. a5 Rc6+ 44. Kd4 g5 45. Kd5 Ra6 46. b4 gxh4 47. gxh4 Kg4 48.
e5 Kf5 49. h5 Re6 50. b5 Rxe5+ 51. Kc6 Re6+ 52. Kc7 Re5 53. Kb6 Re6+ 54. Ka7 Re5 55. Ka6 Ke6 56. b6 Kd7 57. h4 Kc6 58. Ka7 Rxa5+ 59.
Kb8 Kxb6 0-1

[Event "Early-Titled-Tuesday-Blitz-April-16-2024"]
[Site "Chess.com"]
[Date "2024.04.16"]
[Round "2"]
[White "Ginger_GM"]
[Black "aanshnerurkar"]
[Result "0-1"]
[WhiteElo "2648"]
[BlackElo "2384"]
[TimeControl "180+1"]
[EndTime "8:18:12 PDT"]
[Termination "aanshnerurkar won by resignation"]

1. d4 Nf6 2. Bg5 Ne4 3. h4 c5 4.
d5 Qb6 5. Nd2 Nxg5 6. hxg5 Qxb2 7.
g6 fxg6 8. e3 e6 9. Rb1 Qe5 10.
dxe6 Qxe6 11. Ngf3 Be7 12. e4 d5 13. Bb5+ Nc6 14. O-O Bd7 15. exd5 Qxd5 16. Re1 Nd4 17. Nxd4 Qxd4 18. Qe2 O-O 19. Bc4+ Kh8 20. Nb3 Qf6 21. Qxe7 Qxf2+ 22. Kh1 Bc6 23. Qg5 Rf5 24. Rf1 Qxf1+ 25. Rxf1 Rxg5 26. Rf2 h6 27. Kh2 Kh7 28. Na5 Re8 29.
Bd3 c4 30. Nxc4 Bd5 31. Nd6 Rd8 32. Nf7 Bxf7 33. Rxf7 Rh5+ 34. Kg3 Rg5+ 35. Kf3 Rb8 36. a4 Kg8 37. Rc7 Rf8+ 38. Ke3 Re5+ 39. Kd4 Rg5 40. Be4 b6 41. Rxa7 Rg4 42. Re7 h5 43. c4 h4 44. Ke5 Rg5+ 45. Kd6 Rg4 46. Bd5+ Kh7 47. Rb7 Rf6+ 48. Ke7 g5 49. Ra7 Rg3 50. a5 bxa5 51. Rxa5 g4 52. Be4+ Kh6 53. Ra8 Re3 54. Rh8+ Kg5 55.
Kd7 Rxe4 56. c5 g3 57. Re8 Rxe8 0-1

[Event "Early-Titled-Tuesday-Blitz-April-16-2024"]
[Site "Chess.com"]
[Date "2024.04.16"]
[Round "2"]
[White "MomchilPetkov"]
[Black "dmosesov"]
[Result "0-1"]
[WhiteElo "2930"]
[BlackElo "2621"]
[TimeControl "180+1"]
[EndTime "8:18:15 PDT"]
[Termination "dmosesov won by resignation"]

1. d4 Nf6 2. c4 b6 3. Nf3 Bb7 4. g3 g6 5. Bg2 Bg7 6. Nc3 Ne4 7. Qc2 Nxc3 8. bxc3 d6 9. e4 Nd7 10. O-O O-O 11. Ne1 c5 12. Be3 Rc8 13. Qa4 a6 14.
Nd3 Qc7 15. Rfc1 Ra8 16. Rab1 Bc6 17. Qc2 Rfb8 18. a4 Nf6 19. f3 Qd7 20. Ra1 Qe8 21.
d5 Bd7 22. Rcb1 b5 23. axb5 axb5 24. Rxa8 Rxa8 25. cxb5 Bxb5 26. c4 Ba4 27. Qd2 Nd7 28. f4 Rb8 29. Rc1 Bb3 30. h4 Nb6 31. Nb2 Bxb2 32.
Qxb2 Nxc4 33. Qc3 Nxe3 34. Qxe3 c4 35. e5 Qb5 36. Kh2 Qb6 37. Qe2 Rc8 38. Rc3 Qd4 39. Qe1 Ra8 40. e6 f6 41. h5 Ra2 42. Kh3 Kg7 43. Bf3 Qd2 44. Qxd2 Rxd2 45. Be4 f5 46.
Bg2 Rd3 47. Rc1 c3 48. Bf1 Re3 49. Kg2 c2 50. Kf2 Re4 51. Bg2 Rd4 52. Ke3 Rd1 53. Rxc2 Bxc2 54. Bf3 Ra1 55. hxg6 hxg6 56. Bg2 Be4 57. Bxe4 fxe4 58. Kxe4 Ra3 59. g4 Kf6 60. g5+ Kg7 61. Kd4 Ra4+ 62. Ke3 Rb4 63. Kf3 Rd4 64.
Ke3 Rxd5 65. Ke4 Rc5 0-1

[Event "Early-Titled-Tuesday-Blitz-April-16-2024"]
[Site "Chess.com"]
[Date "2024.04.16"]
[Round "2"]
[White "Bykov_Egor"]
[Black "IPAchess"]
[Result "1-0"]
[WhiteElo "2593"]
[BlackElo "2353"]
[TimeControl "180+1"]
[EndTime "8:18:16 PDT"]
[Termination "Bykov_Egor won by checkmate"]

1. c4 e6 2. Nc3 d5 3. cxd5 exd5 4. d4 Nf6 5. Bg5 c6 6. e3 Be7 7. Qc2 h6 8. Bh4 O-O 9. Bd3 Re8 10. Nf3 Ne4 11.
Bxe7 Qxe7 12. Bxe4 dxe4 13. Ne5 Nd7 14. Qxe4 Nxe5 15.
dxe5 Qxe5 16. Qxe5 Rxe5 17. O-O-O Bf5 18. Rhe1 Rae8 19.
Rd6 R5e6 20. Rxe6 Bxe6 21. e4 Kf8 22. b3 Rd8 23. f4 Ke7 24. f5 Bc8 25. g4 Kf6 26. e5+ Kg5 27. h3 Kf4 28. e6 fxe6 29.
fxe6 Re8 30. e7 h5 31. Re4+ Kg5 32. Re5+ Kf6 33. Rxh5 Rxe7 34. Kd2 Be6 35. Rh8 Rd7+ 36. Ke3 Kg5 37. Ne4+ Kg6 38. Re8 Bf7 39. Re5 Bd5 40. Nc5 Rf7 41. Ne4 a6 42. h4 Rf1 43.
h5+ Kh6 44. Ng3 Re1+ 45. Ne2 Ra1 46. Kf4 Rf1+ 47. Kg3 Rf3+ 48. Kh4 Rf2 49. g5+ Kh7 50. Ng3 Rf4+ 51. Kh3 Bf3 52. Re7 Bg4+ 53. Kg2 Rb4 54. h6 Rb5 55. Rxg7+ Kh8 56. Ne4 Bf5 57. Nf6 Bh7 58.
Rxh7# 1-0

[Event "Early-Titled-Tuesday-Blitz-April-16-2024"]
[Site "Chess.com"]
[Date "2024.04.16"]
[Round "2"]
[White "Chessbard1972"]
[Black "Orest_Vovk"]
[Result "0-1"]
[WhiteElo "2348"]
[BlackElo "2576"]
[TimeControl "180+1"]
[EndTime "8:18:16 PDT"]
[Termination "Orest_Vovk won on time"]

1. d4 Nc6 2. c4 e5 3. d5 Nce7 4. d6 Ng6 5. dxc7 Qxc7 6. e3 Bb4+ 7. Bd2 Bxd2+ 8. Qxd2 Nf6 9. Nc3 O-O 10. Nf3 a6 11. Be2 d6 12. O-O Be6 13. b3 h6 14. Rac1 Rad8 15. Nd5 Bxd5 16. cxd5 Qb6 17. Rfd1 Ne4 18. Qc2 f5 19. Nd2 Nxd2 20. Rxd2 Rc8 21. Qxc8 Rxc8 22.
Rxc8+ Kh7 23. Bh5 Qa5 24. Bxg6+ Kxg6 25. Rcc2 Qb4 26. f3 Qb6 27. Rc3 f4 28. Kf2 Qb4 29. Rdc2 fxe3+ 30. Rxe3 Qd4 31. Ke2 Qxd5 32. Rd3 Qb5 33.
a4 Qb6 34. Rcd2 Kh7 35. h4 d5 36. Rxd5 Qxb3 37. a5 Qc4+ 38. Ke3 Qf4+ 39. Ke2 e4 40. h5 exf3+ 41. gxf3 Qc4+ 42. Ke3 b5 43. axb6 Qb3+ 44. Kf4 Qxb6 45. Rd7 Qf6+ 46. Ke4 Qh4+ 47. Ke3 Qxh5 48.
R2d5 Qh1 49. R7d6 Qa1 50. Kf4 Qa4+ 51. Rd4 Qa2 52. Rd7 a5 53. Ra7 Qc2 54. Rdd7 Qc3 55. Ke4 a4 56. f4 a3 57. f5 a2 58. f6 Qxf6 0-1

[Event "Early-Titled-Tuesday-Blitz-April-16-2024"]
[Site "Chess.com"]
[Date "2024.04.16"]
[Round "2"]
[White "MrChampion_Coach"]
[Black "alexrustemov"]
[Result "0-1"]
[WhiteElo "2572"]
[BlackElo "2850"]
[TimeControl "180+1"]
[EndTime "8:18:17 PDT"]
[Termination "alexrustemov won on time"]

1. d4 g6 2. e4 Bg7 3. Nf3 d6 4. c3 Nc6 5. h3 e5 6. Bb5 Bd7 7. O-O a6 8. Bd3 Nf6 9. Re1 O-O 10. Na3 Re8 11. dxe5 Nxe5 12. Nxe5 Rxe5 13. Nc4 Re6 14. Bg5 h6 15. Bh4 Bb5 16. a4 Bc6 17. Qc2 Qe7 18. Nd2 Re8 19. f3 d5 20. exd5 Bxd5 21.
Ne4 Bxe4 22. Rxe4 Rxe4 23. Bxe4 g5 24. Bg3 Nxe4 25. fxe4 Be5 26. Bxe5 Qxe5 27. Rd1 Qxe4 28. Qxe4 Rxe4 29. Rd7 Rxa4 30. Rxc7 b5 31. b4 Kg7 32. Kf2 h5 33. Rc6 f6 34. Kf3 h4 35.
g3 hxg3 36. Kxg3 Kg6 37. h4 gxh4+ 38. Kxh4 Kf5 39. Kh5 Ra1 40. Rc5+ Ke4 41. Kg6 Rf1 42. Rc6 f5 43. Rxa6 f4 44. Re6+ Kd3 45. Kg5 Kxc3 46. Re4 f3 47. Kf4 f2 48. Re2 Kxb4 49. Kf3 Kc3 50. Re3+ Kd4 51. Re4+ Kd5 52. Re8 b4 53. Rd8+ Kc4 54. Rc8+ Kb3 55. Ke2 Re1+ 56. Kxf2 Re7 57. Rd8 Kc3 58. Rc8+ Kb2 59. Rc4 b3 60. Kf3 Kb1 0-1

[Event "Early-Titled-Tuesday-Blitz-April-16-2024"]
[Site "Chess.com"]
[Date "2024.04.16"]
[Round "2"]
[White "Beca95"]
[Black "RamonManon0g"]
[Result "1-0"]
[WhiteElo "2871"]
[BlackElo "2423"]
[TimeControl "180+1"]
[EndTime "8:18:17 PDT"]
[Termination "Beca95 won by checkmate"]

1. e4 c5 2. Nf3 d6 3. d4 cxd4 4.
Nxd4 Nf6 5. Nc3 a6 6. Rg1 h5 7.
h3 e5 8. Nb3 h4 9. Bg5 Be7 10.
Bxf6 Bxf6 11. Nd5 Bg5 12. a4 Nc6 13. a5 Be6 14. Bc4 Rc8 15. Qe2 O-O 16. c3 Ne7 17.
Rd1 Ng6 18. g3 hxg3 19. Rxg3 Bh4 20. Rf3 Bxd5 21. Bxd5 Nf4 22. Rxf4 exf4 23. Nd4 Qg5 24. Qf3 Rfe8 25. Kd2 Rc5 26. b4 Rc7 27. Rc1 Qe5 28. Kd3 Rec8 29. Ne2 Bf6 30. Kd2 Rb8 31. Kd3 b6 32. axb6 Rxb6 33. Rc2 g5 34. Kd2 Rb5 35.
Qd3 Rb8 36. f3 a5 37. bxa5 Rb1 38. a6 Ra1 39. Bb7 Qe6 40. Qd5 Qxh3 41. Qxd6 Rd7 42.
Qxd7 Qxd7+ 43. Bd5 Qb5 44. Nc1 Qb6 45. Kd3 Qe3+ 46.
Kc4 Ra4+ 47. Kb5 Ra1 48. Nb3 Rb1 49. Ra2 Bd8 50. a7 Qb6+ 51. Kc4 Qxb3+ 52. Kd4 Bb6+ 53. Ke5 Qxc3+ 54. Kf5 Qc8+ 55. Kf6 Rg1 56. a8=Q Bd8+ 57. Ke5 Bc7+ 58. Kd4 Bb6+ 59. Kd3 Qxa8 60. Rxa8+ Kg7 61.
Rb8 Ba7 62. Rb7 Ra1 63. Rxf7+ Kg6 64. Rd7 Ra3+ 65. Kc4 Re3 66. Rd6+ Kh5 67. Rd7 Kh4 68. Rxa7 Rxf3 69. e5 Re3 70. Kd4 Re1 71. Rh7+ Kg3 72. e6 g4 73. Be4 f3 74. e7 Rd1+ 75. Ke5 f2 76. Rf7 Rd7 77. e8=Q Rxf7 78. Qxf7 f1=Q 79. Qxf1 Kh2 80. Qg2# 1-0

[Event "Early-Titled-Tuesday-Blitz-April-16-2024"]
[Site "Chess.com"]
[Date "2024.04.16"]
[Round "2"]
[White "GHANDEEVAM2003"]
[Black "Trendle"]
[Result "1-0"]
[WhiteElo "3023"]
[BlackElo "2618"]
[TimeControl "180+1"]
[EndTime "8:18:18 PDT"]
[Termination "GHANDEEVAM2003 won by resignation"]

1. Nf3 d6 2. d4 f5 3. Nc3 Nf6 4.
Bg5 Nbd7 5. Qd3 g6 6. e4 fxe4 7. Nxe4 Bg7 8. O-O-O c6 9. h4 Nxe4 10. Qxe4 Nf6 11. Bxf6 Bxf6 12. h5 Bf5 13. Qf4 Qa5 14.
g4 Be6 15. a3 O-O-O 16. Bd3 g5 17. Qg3 h6 18. Rhe1 Bd5 19. Be4 Ba2 20. Re3 Rhf8 21.
Rdd3 Kb8 22. Nd2 Bd5 23. c4 Bg8 24. Kb1 Bg7 25. Bg2 Bh7 26. Be4 Bg8 27. Bf5 Rxf5 28. gxf5 Qxf5 29. Ka2 Bf6 30. Qg2 Qa5 31. d5 cxd5 32.
cxd5 Rc8 33. Ne4 Bxd5+ 34. Kb1 Be5 35. Qg1 Qb5 36. Nc3 Bxc3 37. Rxc3 Rxc3 38. Rxc3 a6 39. Qe1 e5 40. f3 Bf7 41. b4 Qd5 42. Kc1 Bxh5 43. Qd2 Bxf3 44. Rd3 Qc6+ 45. Kb2 Be4 46.
Rxd6 Qc4 47. Rxh6 Bd5 48. Rh8+ Ka7 49. Qf2+ b6 50. Rh7+ Bb7 51. Rd7 Qc6 52. Qf7 e4 53. Qe7 e3 54. Rd3 Qg2+ 55. Kc3 e2 56. Re3 Qf3 57.
Rxf3 1-0

[Event "Early-Titled-Tuesday-Blitz-April-16-2024"]
[Site "Chess.com"]
[Date "2024.04.16"]
[Round "2"]
[White "esrosenberg"]
[Black "Smoking_Crow"]
[Result "1/2-1/2"]
[WhiteElo "2393"]
[BlackElo "2669"]
[TimeControl "180+1"]
[EndTime "8:18:20 PDT"]
[Termination "Game drawn by repetition"]

1. d4 Nf6 2. Nf3 d5 3. g3 e6 4. Bg2 Be7 5. O-O O-O 6. c4 dxc4 7. Na3 Bxa3 8. bxa3 b5 9. Ne5 Nd5 10. a4 c6 11.
axb5 cxb5 12. a4 Ba6 13. axb5 Bxb5 14. Ba3 Re8 15. Qc2 Nd7 16. Nxd7 Qxd7 17. e4 Nb6 18. d5 exd5 19. exd5 c3 20. Rfd1 Ba4 21. Qxc3 Bxd1 22.
Rxd1 Rac8 23. Qa1 Nc4 24. Bb4 a5 25. Bc3 f6 26. h4 a4 27. h5 h6 28. Kh2 Re2 29.
Bd4 Qf5 30. Qxa4 Qxh5+ 31. Kg1 Nd6 32. Be3 Rcc2 33. Rf1 Kh7 34. Qf4 Qe5 35. Qf3 f5 36. Bf4 Qe7 37. Bxd6 Qxd6 38. Qxf5+ Kh8 39. Be4 Rxe4 40.
Qxe4 Rc8 41. Re1 Rf8 42. Qe6 Qc5 43. Re2 Rd8 44. Re5 Rf8 45. Rf5 Rd8 46. d6 Qc1+ 47.
Kg2 Qc6+ 48. f3 Qc2+ 49. Kh3 Qd1 50. Qe7 Rg8 51. d7 Kh7 52. Rf7 Qh1+ 53. Kg4 Qd1 54.
Qe4+ Kh8 55. Qe7 Qd4+ 56. Rf4 Qd5 57. Rf8 Qd4+ 58. f4 Qd1+ 59. Kh3 Qh1+ 60. Kg4 Qd1+ 61. Kh3 Qf1+ 62. Kg4 Qd1+ 1/2-1/2

[Event "Early-Titled-Tuesday-Blitz-April-16-2024"]
[Site "Chess.com"]
[Date "2024.04.16"]
[Round "2"]
[White "Titus369"]
[Black "SpongeBob_03"]
[Result "1-0"]
[WhiteElo "2658"]
[BlackElo "2232"]
[TimeControl "180+1"]
[EndTime "8:18:21 PDT"]
[Termination "Titus369 won by checkmate"]

1. e4 c5 2. Nf3 e6 3. d4 cxd4 4. Nxd4 Nf6 5. Nc3 Nc6 6. g3 Bb4 7. Bg2 O-O 8. O-O Bxc3 9. bxc3 d5 10. Bg5 dxe4 11. Nxc6 bxc6 12. Qxd8 Rxd8 13. Bxe4 Ba6 14. Bxc6 Bxf1 15. Bxa8 Rxa8 16. Rxf1 Ne4 17. Be3 Nxc3 18. Bd2 Ne2+ 19. Kg2 Rc8 20. Re1 Nc3 21. Bxc3 Rxc3 22. Rb1 g6 23. Rb2 Kg7 24. Kf1 Kf6 25. Ke2 Ke5 26. Kd2 Rf3 27. Ke2 Rc3 28. f4+ Kd4 29. Kd2 Rc4 30. Rb7 Ra4 31. Rxf7 Rxa2 32. Rxh7 a5 33. Re7 Kd5 34. Rg7 a4 35. Rxg6 Kc6 36. Rxe6+ Kb5 37. Kc3 Ra1 38. Kb2 Rh1 39.
Re2 Kb4 40. Rf2 Kc5 41. f5 Re1 42. f6 Re8 43. f7 Rf8 44. Ka3 Kd4 45. Kxa4 Ke3 46.
Rf4 Kd2 47. c4 Kd3 48. Kb5 Ke3 49. Kc5 Kd3 50. Kd6 Ke3 51. Ke7 Rc8 52. f8=Q Rc7+ 53.
Kd6 Ra7 54. Qe7+ Rxe7 55. Kxe7 Kd3 56. c5 Ke2 57. c6 Ke1 58. c7 Kd1 59. c8=Q Kd2 60.
Ke6 Ke2 61. Ke5 Ke1 62. g4 Kd1 63. g5 Kd2 64. h4 Ke2 65. h5 Ke1 66. g6 Kd1 67. h6 Kd2 68. g7 Ke2 69. h7 Ke1 70. g8=Q Kd2 71. h8=Q Ke2 72. Qg3 Kd1 73. Qcc3 Ke2 74.
Kd6 Kd1 75. Kc7 Ke2 76. Kb8 Kd1 77. Ka8 Ke2 78. Qge3+ Kd1 79. Qed4+ Ke2 80. Qhe5# 1-0

[Event "Early-Titled-Tuesday-Blitz-April-16-2024"]
[Site "Chess.com"]
[Date "2024.04.16"]
[Round "2"]
[White "guillembaches"]
[Black "kripri"]
[Result "1-0"]
[WhiteElo "2541"]
[BlackElo "2343"]
[TimeControl "180+1"]
[EndTime "8:18:21 PDT"]
[Termination "guillembaches won by resignation"]

1. d4 d5 2. Nf3 Nf6 3. Bg5 e6 4. Nbd2 c6 5. e3 Be7 6. Bd3 O-O 7.
O-O h6 8. Bh4 Nbd7 9. Qe2 Nh5 10. Bxe7 Qxe7 11. Ne5 Nhf6 12. f4 c5 13. c3 Nxe5 14.
fxe5 Nd7 15. Qh5 f5 16. exf6 Nxf6 17. Qg6 e5 18. Rae1 e4 19. Bc2 Be6 20. Rf4 Nd7 21. Ref1 Rxf4 22. Rxf4 Rf8 23. g3 Bf7 24. Qg4 Be6 25.
Qe2 g5 26. Rxf8+ Nxf8 27. Qf2 Kg7 28. dxc5 Qxc5 29. Nb3 Qd6 30. Nd4 Ng6 31. Bd1 Bd7 32. Be2 Qf6 33. g4 Qxf2+ 34. Kxf2 Ne5 35. Kg3 Kf6 36.
h3 a6 37. b3 Nc6 38. Nc2 Ke5 39. Kf2 Be8 40. Ke1 Bd7 41. Kd2 b5 42. b4 Be8 43.
a3 Bd7 44. Na1 Be8 45. Nb3 Bd7 46. Nc5 Bc8 47. Ke1 Ne7 48. Kf2 Nc6 49. Nb3 Kd6 50. Kg3 Kc7 51. Bf1 Kb6 52. h4 a5 53.
Nc1 axb4 54. axb4 Ne5 55. Nb3 Nc4 56. Bxc4 bxc4 57. Nd4 Bd7 58. Nf5 Bxf5 59. gxf5 gxh4+ 60. Kxh4 Kc6 61. f6 Kd6 62. b5 d4 63. exd4 Ke6 64. b6 Kxf6 65. b7 Kf5 66. b8=Q e3 67. Qg3 Ke4 68. Qe1 Kd3 69. Kh5 e2 70. Kxh6 Ke3 71. d5 Kd3 72. d6 Ke3 73. d7 Kd3 74. Kg7 Kc2 75. Kf8 Kb3 76. Ke7 Kc2 77. Kd8 Kb3 78.
Kc7 Kc2 79. Kd6 Kb3 80. Kd5 Kc2 81. Kxc4 Kb2 82. Kd3 Ka2 83. c4 Kb3 84. c5 Ka4 85. c6 1-0

[Event "Early-Titled-Tuesday-Blitz-April-16-2024"]
[Site "Chess.com"]
[Date "2024.04.16"]
[Round "2"]
[White "GatoRojo150"]
[Black "snowlord"]
[Result "0-1"]
[WhiteElo "2607"]
[BlackElo "2955"]
[TimeControl "180+1"]
[EndTime "8:18:23 PDT"]
[Termination "snowlord won on time"]

1. e4 Nf6 2. Nc3 d5 3. e5 Nfd7 4. Nf3 e6 5. d4 c5 6. Bg5 Qb6 7.
dxc5 Bxc5 8. Qd2 Nc6 9. O-O-O Qa5 10. a3 a6 11. Kb1 h6 12. Bh4 Nb6 13. Bd3 Bd7 14.
Rhe1 Rc8 15. g4 Ne7 16. Ne2 Qxd2 17. Rxd2 Ng6 18. Bg3 Bb5 19. Ned4 Bxd3 20. Rxd3 h5 21. h3 Nc4 22. Rc3 Bxd4 23. Nxd4 Nd2+ 24. Kc1 Rxc3 25. bxc3 Ne4 26. Rg1 hxg4 27. hxg4 Nxg3 28. Rxg3 Nxe5 29. f4 Nc4 30. Kb1 Nxa3+ 31. Ka2 Nc4 32. Kb3 Rh1 33. f5 e5 34. Nf3 Rb1+ 35.
Ka2 Rb2+ 36. Ka1 Rxc2 37. g5 Rxc3 38. f6 g6 39. Rh3 d4 40. Rh8+ Kd7 41. Nh4 d3 42.
Rh7 Ke6 43. Nxg6 fxg6 44. Re7+ Kd6 45. Re8 Rc1+ 46. Ka2 Rf1 47. Rd8+ Ke6 48. Rxd3 Rf5 49. Rd8 Rxg5 50. Re8+ Kxf6 51. Rb8 Nd6 52. Rd8 Ke6 53. Rb8 Rg2+ 54. Kb3 g5 55. Ka4 Rg3 56. Rf8 Kd5 57. Ka5 g4 58. Rf1 Rf3 59. Rd1+ Ke6 60. Rb1 g3 61. Rb6 g2 62. Rb1 Rf1 63. Rb4 g1=Q 64. Rb3 Qc5+ 65. Ka4 Ra1+ 0-1

[Event "Early-Titled-Tuesday-Blitz-April-16-2024"]
[Site "Chess.com"]
[Date "2024.04.16"]
[Round "2"]
[White "DenLaz"]
[Black "GP9isback23"]
[Result "1/2-1/2"]
[WhiteElo "3113"]
[BlackElo "2657"]
[TimeControl "180+1"]
[EndTime "8:18:25 PDT"]
[Termination "Game drawn - insufficient material"]

1. d4 Nf6 2. c4 e6 3. Nf3 b6 4. g3 Bb7 5. Bg2 Be7 6. O-O O-O 7. Nc3 Ne4 8. Bd2 f5 9. Ne5 d6 10. Nd3 Bf6 11. Nf4 Qe7 12. Nxe4 fxe4 13. d5 exd5 14.
cxd5 a5 15. Rc1 Na6 16. b3 Nc5 17. Be3 Bg5 18. a3 Bxf4 19. Bxf4 a4 20. b4 Nb3 21. Rc3 Rf5 22. Be3 Rxd5 23. Qc2 c5 24. Bxe4 Re5 25. Bxb7 Qxb7 26. bxc5 bxc5 27. Rd1 Qc6 28. Bf4 Re6 29.
Re3 Rae8 30. Rxe6 Rxe6 31. e3 d5 32. h4 h6 33. Qd3 d4 34. Qc4 Kh7 35. Qd3+ Qe4 36.
Qxe4+ Rxe4 37. exd4 Rxd4 38. Rxd4 cxd4 39. Kf1 Kg6 40. Ke2 Kf5 41. Kd3 g5 42. hxg5 hxg5 43. Bd6 Ke6 44. Bb4 Kd5 45. f4 gxf4 46. gxf4 Nc1+ 47.
Kc2 Ne2 48. f5 Ke5 49. Kd3 Nf4+ 50. Kc4 d3 51. Bd2 Kxf5 52. Kd4 Ne6+ 53. Kxd3 Ke5 54. Kc4 Kd6 55. Kb5 Kc7 56. Kxa4 Kb7 57. Kb5 Nd4+ 58. Kc4 Nc6 59. Kc5 Ne5 60. Bc3 Nd7+ 61. Kb5 Nb6 62.
Bd4 Nd5 63. a4 Nc7+ 64. Kb4 Na6+ 65. Kb5 Nc7+ 66. Kb4 Ka6 67. a5 Nd5+ 68. Ka4 Ne7 69. Kb3 Nc6 70. Bc3 Nxa5+ 1/2-1/2

[Event "Early-Titled-Tuesday-Blitz-April-16-2024"]
[Site "Chess.com"]
[Date "2024.04.16"]
[Round "2"]
[White "Hercog"]
[Black "Sanan_Sjugirov"]
[Result "0-1"]
[WhiteElo "2093"]
[BlackElo "3054"]
[TimeControl "180+1"]
[EndTime "8:18:25 PDT"]
[Termination "Sanan_Sjugirov won on time"]

1. d4 Nf6 2. c4 e6 3. Nc3 Bb4 4.
e3 O-O 5. Ne2 d5 6. a3 Be7 7.
cxd5 exd5 8. Nf4 c6 9. Bd3 Re8 10. O-O Nbd7 11. f3 Nf8 12. Qe1 Ng6 13. Nfe2 c5 14. dxc5 Bxc5 15. Qf2 Bd7 16. b4 Bb6 17. Nd4 Rc8 18. Bd2 Ne5 19. Be2 Nc4 20. Bxc4 Rxc4 21.
Rac1 Qc7 22. Rfd1 Qe5 23. Nce2 h6 24. Rc3 Rec8 25. Rdc1 Ne8 26. Nf4 Nd6 27. Nd3 Qf6 28. Rxc4 Nxc4 29. Nf4 Qe5 30. Nd3 Qd6 31. Rc3 Re8 32.
Bc1 Qf6 33. Nc5 Bc8 34. h3 Bc7 35. e4 Be5 36. Rd3 b6 37. Ncb3 dxe4 38. fxe4 Bb7 39.
Qxf6 Bxf6 40. Rc3 Nd6 41. Rc7 Be5 42. Nf3 Bg3 43. Nbd4 Bxe4 44. Rxa7 Bb7 45. Bd2 g6 46. a4 Bxf3 47. Nxf3 Nc4 48. Bc3 g5 49. a5 bxa5 50. bxa5 Rb8 51. Kf1 Rb3 52. Bf6 Ra3 53. a6 Ra2 54.
Rd7 Ne3+ 0-1

[Event "Early-Titled-Tuesday-Blitz-April-16-2024"]
[Site "Chess.com"]
[Date "2024.04.16"]
[Round "2"]
[White "Lion-Al-Messi"]
[Black "Kiborg95"]
[Result "1/2-1/2"]
[WhiteElo "2582"]
[BlackElo "2847"]
[TimeControl "180+1"]
[EndTime "8:18:26 PDT"]
[Termination "Game drawn by stalemate"]

1. e4 d6 2. d4 Nf6 3. Nc3 Nbd7 4.
f4 e5 5. fxe5 dxe5 6. d5 Bb4 7.
Bd3 Nxe4 8. Ne2 Nxc3 9. bxc3 Bc5 10. Ng3 O-O 11. Ne4 Bb6 12. Ba3 f5 13. Ng3 Nc5 14.
Qe2 f4 15. Ne4 Qh4+ 16. g3 fxg3 17. O-O-O Bg4 18. hxg3 Bxe2 19. Rxh4 Nxd3+ 20. cxd3 Bxd1 21. Bxf8 Be2 22. Bc5 Bxd3 23. Bxb6 axb6 24. Nf2 Bf5 25. Kb2 Rd8 26. c4 c6 27. g4 Bg6 28. dxc6 bxc6 29. Kc3 Rf8 30. Rh2 Rf3+ 31. Kb2 Kf7 32. Nd1 Ke6 33. Nc3 Rg3 34. Na4 b5 35. cxb5 cxb5 36. Nc5+ Kd5 37. Nd7 Rxg4 38. Rd2+ Rd4 39. Rf2 Rc4 40. Nb6+ Kd4 41. Nxc4 Kxc4 42. Rf8 e4 43.
Kc2 e3+ 44. Kd1 Bd3 45. Rf7 Kc3 46. Rxg7 Kb2 47. Rg3 e2+ 48. Ke1 Bc4 49. a3 h5 50.
Rh3 Ka2 51. Kd2 h4 52. Ke1 Kb2 53. Kd2 Ka2 54. Ke1 Bb3 55. Kxe2 Kxa3 56. Kd2 Kb2 57. Rxh4 Bc4 58. Rh2 b4 59. Kd1+ Kc3 60. Kc1 b3 61. Rh3+ Bd3 62. Rxd3+ Kxd3 63. Kb2 Kc4 64. Kb1 Kc3 65.
Kc1 Kb4 66. Kb2 Ka4 67. Kb1 Kb5 68. Kb2 Kc4 69. Kb1 Kc3 70. Kc1 b2+ 71. Kb1 Kb3 1/2-1/2

[Event "Early-Titled-Tuesday-Blitz-April-16-2024"]
[Site "Chess.com"]
[Date "2024.04.16"]
[Round "2"]
[White "H3nriqueTV"]
[Black "mokerslag"]
[Result "1/2-1/2"]
[WhiteElo "2293"]
[BlackElo "2508"]
[TimeControl "180+1"]
[EndTime "8:18:26 PDT"]
[Termination "Game drawn by agreement"]

1. e4 c5 2. Nf3 Nc6 3. b3 e5 4.
Bb2 d6 5. Nc3 Nf6 6. Bb5 Bd7 7.
O-O a6 8. Bxc6 Bxc6 9. Re1 b5 10. h3 b4 11. Ne2 Nxe4 12. d3 Nf6 13. d4 Bxf3 14. gxf3 cxd4 15. Nxd4 Qd7 16. f4 Be7 17. fxe5 dxe5 18. Rxe5 O-O 19. Nf5 Qxd1+ 20. Rxd1 Bd8 21. Bd4 Re8 22. Rxe8+ Nxe8 23. Bc5 a5 24. Rd7 Nf6 25. Rb7 Ne4 26. Bd4 Bf6 27. Bxf6 gxf6 28. Nh6+ Kg7 29.
Nxf7 Kg6 30. f3 Nc3 31. Nd6 Rd8 32. Rb6 Nd5 33. Ra6 Nc7 34. Rc6 Ne6 35. Ne4 Kf5 36. c3 bxc3 37. Rxc3 Rd1+ 38. Kf2 Ra1 39. Rc2 Kf4 40. Ng3 f5 41. Ne2+ Kg5 42. Rc6 Nf4 43. h4+ Kxh4 44. Nxf4 Rxa2+ 45. Ne2 Kg5 46. Rc5 h5 47.
Ke3 h4 48. Rc8 Ra3 49. Nd4 a4 50. Ne6+ Kf6 51. Rc6 Rxb3+ 52. Kf4 Rb4+ 53. Nd4+ Kf7 54. Ke5 h3 55. Rc7+ Kg6 56. Rc6+ Kh5 57. Rc8 Kg6 58. Rh8 a3 59. Rxh3 a2 60. Nc2 Rb1 61. Rg3+ Kf7 62. Kxf5 Rc1 63. Rh3 Rxc2 64. Rh1 Rb2 65. Ra1 Ke8 66. f4 Kf7 67. Kg5 1/2-1/2

[Event "Early-Titled-Tuesday-Blitz-April-16-2024"]
[Site "Chess.com"]
[Date "2024.04.16"]
[Round "2"]
[White "RebelJohnny"]
[Black "BashirliSaadat"]
[Result "1/2-1/2"]
[WhiteElo "2618"]
[BlackElo "2350"]
[TimeControl "180+1"]
[EndTime "8:18:27 PDT"]
[Termination "Game drawn by repetition"]

1. e4 c5 2. Nf3 Nc6 3. d4 cxd4 4. Nxd4 g6 5. Nc3 Bg7 6. Be3 Nf6 7. Bc4 O-O 8. Bb3 a5 9. O-O a4 10. Nxa4 Nxe4 11.
Nb5 Rxa4 12. Bxa4 Qa5 13. c3 d6 14. Nd4 Nxd4 15. Bxd4 e5 16. Be3 Be6 17. Bb3 d5 18.
Qe2 Rd8 19. Rad1 f5 20. f3 Nf6 21. Bg5 Qb6+ 22. Kh1 h6 23. Bh4 g5 24. Bf2 Qc7 25. Rfe1 Nh5 26. Bd4 e4 27. fxe4 Nf4 28. Qd2 dxe4 29.
Qe3 Qf7 30. Bxg7 Rxd1 31. Rxd1 Kxg7 32. Bxe6 Qxe6 33. b3 Qc6 34. g3 Ne6 35. c4 f4 36.
Qc3+ Kg6 37. Qe5 e3+ 38. Kg1 f3 39. Qxe3 g4 40. Qd3+ Kf6 41. Qe3 Ng5 42. Qf4+ Kg7 43. Qe5+ Kf7 44. Qd5+ Qxd5 45. Rxd5 Nh3+ 46. Kf1 Ng5 47.
Rxg5 hxg5 48. c5 Ke6 49. b4 Kd5 50. a3 Kc4 51. Kf2 Kb5 52. Ke3 Kc6 53. a4 b6 54.
cxb6 Kxb6 55. Kf2 Ka6 56. b5+ Kb6 57. Ke3 Ka5 58. Kd2 Kb6 59. Ke3 Ka5 60. Kf2 Kb6 61.
Ke3 1/2-1/2

[Event "Early-Titled-Tuesday-Blitz-April-16-2024"]
[Site "Chess.com"]
[Date "2024.04.16"]
[Round "2"]
[White "Fjal"]
[Black "Manukyan_Artak"]
[Result "1-0"]
[WhiteElo "2309"]
[BlackElo "2502"]
[TimeControl "180+1"]
[EndTime "8:18:28 PDT"]
[Termination "Fjal won by resignation"]

1. Nf3 g6 2. g3 Bg7 3. Bg2 e5 4. O-O e4 5. Ne1 f5 6. c4 c5 7.
d3 exd3 8. Nxd3 d6 9. Nc3 Nc6 10. Bf4 Nge7 11. Nb5 Ne5 12. Nxd6+ Qxd6 13. Nxe5 Qa6 14.
Nd3 Qxc4 15. Rc1 Qxa2 16. Nxc5 O-O 17. Bd6 Qf7 18. Nxb7 Bxb7 19. Bxb7 Rad8 20. Rc7 Bf6 21. Rxe7 Bxe7 22. Bd5 Rxd6 23. Bxf7+ Rxf7 24. Qa4 Rd2 25. Rc1 Rxb2 26. Rc8+ Bf8 27. Qc4 Rb7 28. h4 h5 29.
Qe6 Kh7 30. Kg2 Rbc7 31. Ra8 Bg7 32. e3 Rfe7 33. Qg8+ Kh6 34. Rd8 Red7 35. Re8 Re7 36. Rb8 Rb7 37. Rc8 Rec7 38. Rd8 Rd7 39. Rxd7 Rxd7 40.
Qe8 Rb7 41. Qa8 Rf7 42. Kf3 Bf6 43. Qd5 Kg7 44. Qe6 Re7 45. Qd6 Rf7 46. e4 fxe4+ 47.
Kxe4 Re7+ 48. Kf3 Rf7 49. Kg2 Be7 50. Qd4+ Bf6 51. Qd5 Re7 52. f3 Re5 53. Qd7+ Re7 54. Qd6 a5 55. Qc5 Re2+ 56. Kh3 Ra2 57. Qc7+ Kh6 58. Qf4+ Kg7 59. Qc4 Ra1 60. Qc7+ Kg8 61. Qc8+ Kg7 62. Qd7+ Kg8 63. Qe8+ Kg7 64. g4 hxg4+ 65.
fxg4 Ra3+ 66. Kg2 Bxh4 67. Qd7+ Kh6 68. Qd2+ Bg5 69. Qb2 Bc1 70. Qxc1+ 1-0